Unix NetHack Version 5.0.0-0 post-release - last build May 17 2026 04:57:42 (dc50c8380fa5e20985bfe3072449f57b8d9895ef,branch:main).

Game began 2026-05-19 07:35:21, ended 2026-05-21 07:16:14.

2932467751, lawful female human Samurai

                                     ---
                                  |..|.-----    --.|.--
                                ---..........---|.....|
                                |..%...........|--....|
                                |.----.........| ---..-
                                |.|    --.....-------...--
                              ---.|     --...(.........@.|
                              |...|      --......-----...|
                              |.--- ---   |....).|   |...|
                              |.)# -...----#.....    -----
                              |.- -..%....|..%..
                              #..|..."......%###.
                             |.......#-......| ##
                            --......--.......-  ##
                            |....).--     ....--#*
                            |.--.... --..^......#
                               --....|.%.......>|#
                                --%............-
                                 --......--.---#
                                  -----.--

2932467751 the Kunoichi  St:17 Dx:17 Co:18 In:8 Wi:8 Ch:6  Lawful
Dlvl:9  $:0  HP:0(67) Pw:26(26) AC:4  Xp:7 T:1578 

Latest messages:
 What do you want to eat? [m or ?*] m
 This food really hits the spot!
 You finish eating the gunyoki.
 You feel weak!
 You haven't been exercising properly.
 Are you waiting to get hit?  Use 'm' prefix to force a no-op (to rest).
 Are you waiting to get hit?  Use 'm' prefix to force a no-op (to rest).
 Are you waiting to get hit?  Use 'm' prefix to force a no-op (to rest).
 Are you waiting to get hit?  Use 'm' prefix to force a no-op (to rest).
 You hit the soldier ant!
 The soldier ant bites!
 The soldier ant stings!
 You kill the soldier ant!
 You see here a soldier ant corpse.
 You see here a soldier ant corpse.
 You are carrying too much to get through.
 You are carrying too much to get through.
 The raven bites!
 The raven blinds you!
 It bites!
 You miss it.
 It bites!
 You hit it.
 It bites!
 You hit it.
 You attack thin air.
 You can see again.
 You kill the gnome!
 Are you waiting to get hit?  Use 'm' prefix to force a no-op (to rest).
 Are you waiting to get hit?  Use 'm' prefix to force a no-op (to rest).
 You miss the cockatrice.
 The cockatrice bites!
 The cockatrice misses!
 You hit the cockatrice!
 You hit the cockatrice!
 The cockatrice bites!
 The cockatrice touches you!
 You hit the cockatrice.
 You hit the cockatrice!
 The cockatrice bites!
 The cockatrice touches you!
 You hear the cockatrice's hissing!
 You kill the cockatrice!
 Touching a cockatrice corpse is a fatal mistake.
 You turn to stone...
 Do you want your possessions identified? [ynq] (y) y
 Do you want to see your attributes? [ynq] (y) y
 Do you want an account of creatures vanquished? [ynaq] (y) y
 Do you want to see your conduct and achievements? [ynq] (y) y
 Do you want to see the dungeon overview? [ynq] (y) y

Inventory:
 Amulets  ('"')
  n - an uncursed amulet of reflection
 Weapons  (')')
  q - 14 +0 arrows
  d - 28 +0 ya (in quiver)
  r - a +0 bow
  u - a +0 bow
  c - a +0 yumi
  l - 4 cursed -1 daggers
  s - a +0 aklys
  a - a +0 katana (weapon in right hand)
  b - a +0 wakizashi (alternate weapon; not wielded)
 Armor    ('[')
  e - an uncursed rustproof +0 splint mail (being worn)
 Spellbooks  ('+')
  g - an uncursed spellbook of identify
 Potions  ('!')
  p - a cursed potion of monster detection
  t - an uncursed potion of water
 Tools    ('(')
  f - an uncursed blindfold
  o - an uncursed leash
 Gems/Stones  ('*')
  i - 2 uncursed worthless pieces of orange glass
  k - a cursed worthless piece of orange glass
  j - an uncursed worthless piece of yellowish brown glass

2932467751 the Samurai's attributes:

Background:
 You were a Kunoichi, a level 7 female human Samurai.
 You were lawful, nominally on a mission for Amaterasu Omikami
 who was opposed by Raijin (neutral) and Susanowo (chaotic).
 You were right-handed.
 You were in the Gnomish Mines, on level 9.
 You entered the dungeon 1578 turns ago.
 You had 821 experience points, 459 more were needed to attain level 8.

Basics:
 You had 0 out of 67 hit points.
 You had all 26 energy points (spell power).
 Your armor class was 4.
 Your wallet was empty.
 Autopickup was off.

Final Characteristics:
 Your strength was 17 (peak:18, limit:18/100).
 Your dexterity was 17 (limit:18).
 Your constitution was 18 (limit:18).
 Your intelligence was 8 (limit:18).
 Your wisdom was 8 (limit:18).
 Your charisma was 6 (limit:18).

Final Status:
 You weren't hungry.
 You were unencumbered.
 You were wielding a long sword.
 You had basic skill with long sword and could have enhanced that.

Final Attributes:
 You were devoutly aligned.
 You were warded.
 You were fast.
 You are dead.

Miscellaneous:
 You didn't encounter any bones levels.
 Total elapsed playing time was 50 minutes and 6 seconds.

Major events:
 Turn
    1: 2932467751 the lawful female human Samurai entered the dungeon
   86: entered the Gnomish Mines
  159: attained the rank of Ronin (level 3)
 1113: attained the rank of Kunoichi (level 6)
 1578: petrified by a cockatrice corpse

You didn't know any spells.

Skills:
 Fighting Skills
   martial arts      [Basic]
   two weapon combat [Unskilled]
   riding            [Unskilled]
 Weapon Skills
   dagger            [Unskilled]
   knife             [Unskilled]
   short sword       [Basic]
   broadsword        [Unskilled]
   long sword        [Basic]
   two-handed sword  [Unskilled]
   saber             [Unskilled]
   flail             [Unskilled]
   quarterstaff      [Unskilled]
   polearms          [Unskilled]
   spear             [Unskilled]
   lance             [Unskilled]
   bow               [Basic]
   shuriken          [Unskilled]
 Spellcasting Skills
   attack spells     [Unskilled]
   divination spells [Unskilled]
   clerical spells   [Unskilled]

Voluntary challenges:
 Character rerolling was not enabled.
 You followed a strict vegan diet.
 You were an atheist.
 You were illiterate.
 You never genocided any monsters.
 You never polymorphed an object.
 You never changed form.
 You used no wishes.
Achievements:
 You entered the Gnomish Mines.
 You attained the rank of Ronin.
 You attained the rank of Kunoichi.

 The Dungeons of Doom: levels 1 to 2
    Level 1:
    Level 2:
       Stairs down to The Gnomish Mines.
 The Gnomish Mines: levels 3 to 9
    Level 3:
    Level 4:
    Level 5:
    Level 7:
    Level 8:
    Level 9: <- You were here.
       Final resting place for
          you, petrified by a cockatrice corpse.


Vanquished creatures:
  a cockatrice
  2 giant spiders
 an ape
  2 soldier ants
  5 gnome leaders
  2 gnomish wizards
  a kobold mummy
  a gray ooze
  a dwarf zombie
  a gas spore
  3 manes
  a giant rat
 50 gnomes
  a kobold
  a goblin
  a grid bug
  a kobold zombie
  a newt
76 creatures vanquished.

No species were genocided or became extinct.

Game over:
                       ----------
                      /          \
                     /    REST    \
                    /      IN      \
                   /     PEACE      \
                  /                  \
                  |    2932467751    |
                  |       0 Au       |
                  |  petrified by a  |
                  |    cockatrice    |
                  |      corpse      |
                  |                  |
                  |       2026       |
                 *|     *  *  *      | *
        _________)/\\_//(\/(/\)/\//\/|_)_______

Sayonara 2932467751 the Samurai...

You turned to stone in The Gnomish Mines on dungeon level 9 with 3684 points,
and 0 pieces of gold, after 1578 moves.
You were level 7 with a maximum of 67 hit points when you turned to stone.

